 Dungeon Crawl Stone Soup version 0.31.0-32-g396128a36d (webtiles) character file.

Game seed: 2394362636695324282

39841 Peloso the Fencer (level 13, -12/125 HPs)
             Began as a Minotaur Fighter on Apr 19, 2024.
             Was a High Priest of Okawaru.
             Killed by divine providence
             ... invoked by an orc priest
              (14 damage)
             ... on level 2 of the Orcish Mines.
             The game lasted 00:33:59 (19827 turns).

Peloso the Fencer (Minotaur Fighter)               Turns: 19827, Time: 00:33:59

Health: -12/125    AC: 20    Str: 20    XL:     13   Next: 71%
Magic:  12/12      EV: 15    Int:  5    God:    Okawaru [*****.]
Gold:   844        SH:  8    Dex: 22    Spells: 12/12 levels left

rFire   . . .        a - +5 scimitar
rCold   . . .        d - +0 buckler
rNeg    . . .        c - +3 scale mail {Will+}
rPois   .            (helmet restricted)
rElec   .            G - +1 cloak
rCorr   .            (no gloves)
SInv    .            w - +0 pair of boots
Will    +....        (no amulet)
Stlth   +            e - +6 ring of dexterity
HPRegen 0.40/turn    f - +4 ring of protection
MPRegen 0.13/turn

%: no passive effects
@: no status effects
A: horns 2, retaliatory headbutt
a: Renounce Religion, Heroism, Finesse, Duel


You were on level 2 of the Orcish Mines.
You worshipped Okawaru.
Okawaru was extremely pleased with you.
You visited 4 branches of the dungeon, and saw 18 of its levels.

You collected 904 gold pieces.
You spent 60 gold pieces at shops.

Inventory:

Hand Weapons
 a - a +5 scimitar (weapon)
 b - a +3 scimitar of flaming
Missiles
 m - 5 throwing nets (quivered)
Armour
 c - a +3 scale mail of willpower (worn)
 d - a +0 buckler (worn)
 v - +0 gold dragon scales
 w - a +0 pair of boots (worn)
 E - a +0 plate armour
 F - +2 acid dragon scales
 G - a +1 cloak (worn)
Jewellery
 e - a +6 ring of dexterity (left hand)
 f - a +4 ring of protection (right hand)
 i - a +6 ring of strength
 u - a ring of flight
 y - a ring of resist corrosion
 H - a +5 ring of evasion
 I - a +4 ring of protection
 J - an amulet of magic regeneration
 N - an amulet of reflection
 P - a ring of wizardry
Talismans
 A - a blade talisman
Wands
 g - a wand of light (6)
 k - a wand of polymorph (6)
 L - a wand of mindburst (9)
Scrolls
 j - 4 scrolls of fear
 n - 5 scrolls of fog
 o - 4 scrolls of revelation
 p - a scroll of brand weapon
 q - 5 scrolls of teleportation
 s - 2 scrolls of blinking
 B - 3 scrolls of silence
 C - 3 scrolls of enchant weapon
 K - a scroll of acquirement {unknown}
 M - a scroll of vulnerability {unknown}
Potions
 h - 5 potions of heal wounds
 l - a potion of enlightenment
 r - 2 potions of curing
 x - a potion of brilliance
 z - 4 potions of mutation
 D - 3 potions of ambrosia
 O - a potion of magic {unknown}


   Skills:
 + Level 14.3 Fighting
 + Level 16.3 Long Blades
 + Level 12.5 Armour
 + Level 8.1 Dodging
 + Level 2.3 Stealth
 + Level 11.7 Shields
 + Level 0.5 Invocations
 + Level 1.6 Evocations


You had 12 spell levels left.
You didn't know any spells.
Your spell library contained the following spells:

 Spells                   Type           Power      Damage    Failure   Level
 Apportation              Tloc           0%         N/A       80%         1
 Necrotise                Necr           0%         1d4       80%         1
 Sting                    Conj/Alch      0%         1d3       80%         1
 Mercury Vapours          Alch/Air       0%         N/A       90%         2
 Static Discharge         Conj/Air       0%         3-3/arc   90%         2
 Sublimation of Blood     Necr           0%         N/A       90%         2
 Fugue of the Fallen      Necr           0%         N/A       99%         3
 Mephitic Cloud           Conj/Alch/Air  0%         N/A       99%         3
 Ozocubu's Armour         Ice            0%         N/A       99%         3
 Manifold Assault         Tloc           0%         N/A       100%        4
 Freezing Cloud           Conj/Ice/Air   0%         6-21      100%        5
 Metabolic Englaciation   Hex/Ice        0%         N/A       100%        5
 Summon Small Mammal      Summ           Unusable   N/A       N/A         1
 Call Imp                 Summ           Unusable   N/A       N/A         2
 Sculpt Simulacrum        Ice/Alch       Unusable   N/A       N/A         6
 Summon Hydra             Summ           Unusable   N/A       N/A         7

Dungeon Overview and Level Annotations

Branches:
Dungeon (12/15)            Temple (1/1) D:7            Lair (3/5) D:9
  Swamp (0/4) Lair:2       Spider (0/4) Lair:2          Orc (2/2) D:11
    Elf (0/3) Orc:2

Altars:
Ashenzari
Cheibriados
Dithmenos
Elyvilon
Fedhas
Gozag
Hepliaklqana
Kikubaaqudgha
Makhleb
Nemelex Xobeh
Okawaru
Qazlal
Ru
Sif Muna
Trog
Uskayaw
Vehumet
Wu Jian
Xom
Yredelemnul
Zin
The Shining One

Shops:
D:8 !   Orc:2 *

Annotations:
D:12 Frances
Temple 2 transporters


Innate Abilities, Weirdness & Mutations

You have a pair of horns on your head.
You reflexively headbutt those who attack you in melee.


Message History

You block the troll's attack. The troll claws you but does no damage.
You block the troll's attack. The orc warrior closely misses you.
You furiously retaliate!
You headbutt the orc warrior, but do no damage.
You hear a shout!
Blink to where?
Press: ? - help, Dir - move target
Found 49 gold pieces.
As you read the scroll of blinking, it crumbles to dust.
The orc throws a boomerang.
The boomerang closely misses you.
An orc warrior, an orc wizard and an orc priest come into view.
The orc warrior shouts!
The orc wizard shouts!
The orc priest shouts!
The orc priest calls down the wrath of Beogh upon you.
Beogh smites you!
* * * LOW HITPOINT WARNING * * *
The orc warrior hits you but does no damage.
The orc wizard casts a spell at you. The puff of flame hits you!
* * * LOW HITPOINT WARNING * * *
You hit the orc warrior.
The orc warrior is moderately wounded.
The orc warrior hits you with a +0 mace.
* * * LOW HITPOINT WARNING * * *
You block the orc wizard's attack.
You feel much better.
The two-headed ogre hits you with a +0 giant club!
* * * LOW HITPOINT WARNING * * *
The two-headed ogre barely misses you.
The orc priest miscasts a cantrip.
The orc wizard gestures at you while chanting.
You resist with almost no effort. You block the orc warrior's attack.
You slice the orc wizard!!
You kill the orc wizard!
Okawaru accepts your kill.
The two-headed ogre hits you with a +0 giant club!!
* * * LOW HITPOINT WARNING * * *
The two-headed ogre closely misses you. The orc warrior misses you.
The orc priest calls down the wrath of Beogh upon you.
Beogh smites you!
You die...

#####..O...............
##.#.....###.....#.#....
#.....O####...........#,
##.....# ####.......#.,
#...O.##*##.####.#.###*,
##....###.....#*#### **
#$..##...#....,*
#$...#o)..##,,,*
##...O@o...#,,,*
##...#...##*∩**
###...#.# *** #####*#


You could see a two-headed ogre (fast), an orc warrior and an orc priest.

Vanquished Creatures
  Azrael (D:12)
  Snorg (D:10)
  Josephine (D:10)
  Erolcha (D:10)
  Erica (D:8)
  A catoblepas (Lair:2)
  Harold (D:10)
  A centaur warrior (D:11)
  3 two-headed ogres
  4 boulder beetles
  Amaemon (Lair:1)
  Sonja (D:10)
  A pharaoh ant (Lair:2)
  2 spriggan druids (Lair:2)
  Maurice (D:9)
  2 manticores
  3 cyclopes
  2 black mambas
  Maggie (D:10)
  An orange demon (Lair:1)
  8 cane toads
  2 gargoyles (D:12)
  A kobold demonologist (D:10)
  2 rime drakes
  5 komodo dragons
  2 trolls (D:12)
  A hornet (Lair:2)
  A polar bear (Lair:2)
  12 blink frogs
  A jumping spider (Lair:2)
  4 slime creatures
  2 shadows
  6 wraiths
  A vampire (D:11)
  4 wyverns
  Eustachio (D:4)
  40 yaks
  2 humans (D:10)
  3 fire elementals (D:12)
  A warg (Orc:2)
  2 steam dragons
  7 water moccasins
  Edmund (D:4)
  A hell hound (D:12)
  2 orc warriors
  An ice beast (D:5)
  2 sky beasts
  7 black bears
  An ogre (D:5)
  7 centaurs
  A phantom (D:5)
  3 kobold brigands
  A weeping skull (D:3)
  14 bullfrogs
  A gnoll sergeant (D:7)
  7 scorpions
  13 wights
  17 killer bees
  2 howler monkeys (D:12)
  A lava snake (D:7)
  8 jellies
  3 hounds
  2 bombardier beetles
  7 orc priests
  Terence (D:2)
  3 iguanas
  14 orc wizards
  Natasha (thrice) (D:4)
  11 adders
  9 gnolls
  A shadow imp (D:7)
  2 ufetubi (D:7)
  A ribbon worm (D:2)
  4 dart slugs
  40 orcs
  20 endoplasms
  2 giant cockroaches (D:2)
  9 goblins
  6 hobgoblins
  8 jackals
  15 kobolds
  3 quokkas
  7 ball pythons
  6 bats
  3 frilled lizards
  6 rats
  A spectral orc (D:3)
415 creatures vanquished.

Vanquished Creatures (others)
  An orc wizard (D:6)
1 creature vanquished.

Grand Total: 416 creatures vanquished

Notes
Turn   | Place    | Note
-------+----------+-------------------------------------------
     0 | D:1      | Peloso the Minotaur Fighter began the quest for the Orb.
     0 | D:1      | Reached XP level 1. HP: 19/19 MP: 0/0
   162 | D:1      | You fall into a shaft and drop 1 floor!
   181 | D:2      | Reached XP level 2. HP: 23/27 MP: 1/1
   182 | D:2      | Reached skill level 3 in Long Blades
   482 | D:2      | Reached XP level 3. HP: 33/33 MP: 2/2
   528 | D:2      | Noticed Terence
   545 | D:2      | Killed Terence
   546 | D:2      | Reached skill level 4 in Long Blades
   685 | D:2      | Reached XP level 4. HP: 40/40 MP: 3/3
  1943 | D:3      | Reached XP level 5. HP: 37/46 MP: 4/4
  1954 | D:3      | Reached skill level 5 in Long Blades
  2743 | D:3      | Found a basalt altar of Yredelemnul.
  2753 | D:3      | Reached skill level 1 in Dodging
  2837 | D:4      | Noticed Eustachio
  2838 | D:4      | Noticed Natasha
  2841 | D:4      | Reached XP level 6. HP: 50/53 MP: 5/5
  2841 | D:4      | Noticed Edmund
  2890 | D:4      | Killed Eustachio
  2891 | D:4      | Reached skill level 6 in Long Blades
  2891 | D:4      | Reached skill level 5 in Armour
  2953 | D:4      | Killed Edmund
  2954 | D:4      | Reached skill level 5 in Fighting
  2954 | D:4      | Reached XP level 7. HP: 39/61 MP: 6/6
  3035 | D:4      | Killed Natasha
  3166 | D:4      | Noticed Natasha
  3177 | D:4      | Killed Natasha
  3225 | D:4      | Noticed Natasha
  3237 | D:4      | Killed Natasha
  3373 | D:4      | Reached skill level 7 in Long Blades
  4208 | D:5      | Entered Level 5 of the Dungeon
  4246 | D:5      | Reached skill level 5 in Shields
  4246 | D:5      | Reached XP level 8. HP: 70/70 MP: 7/7
  4269 | D:5      | Reached skill level 8 in Long Blades
  4570 | D:5      | Reached skill level 9 in Long Blades
  5178 | D:6      | Reached XP level 9. HP: 72/78 MP: 8/8
  5479 | D:6      | Reached skill level 10 in Long Blades
  5815 | D:6      | Noticed a boulder beetle
  5882 | D:6      | HP: 1/78 [boulder beetle (16)]
  5885 | D:6      | Killed a boulder beetle
  6592 | D:7      | Found a staircase to the Ecumenical Temple.
  6600 | Temple   | Found a transporter.
  6600 | Temple   | Found a transporter.
  6600 | Temple   | Found a transporter.
  6600 | Temple   | Found a transporter.
  6600 | Temple   | Entered the Ecumenical Temple
  6697 | D:7      | Reached skill level 5 in Dodging
  6927 | D:7      | Reached skill level 11 in Long Blades
  6997 | D:7      | Found an ornate altar of the Wu Jian Council.
  6998 | D:7      | Found a sparkling altar of Nemelex Xobeh.
  7071 | D:7      | Reached XP level 10. HP: 86/87 MP: 9/9
  7429 | D:8      | Reached skill level 1 in Stealth
  7572 | D:8      | Noticed a two-headed ogre
  7584 | D:8      | Killed a two-headed ogre
  7682 | D:8      | Reached skill level 12 in Long Blades
  7751 | D:8      | Noticed Erica
  7764 | D:8      | Killed Erica
  8146 | D:8      | Found Rajaqued's Distillery.
  8149 | D:8      | Bought a potion of degeneration for 12 gold pieces
  8231 | D:8      | Found a hide-covered altar of Uskayaw.
  8293 | D:8      | Bought a potion of might for 48 gold pieces
  8529 | D:9      | Found a staircase to the Lair.
  8572 | D:9      | Identified the +2 robe of the World {^Drain Will+ Str+9}
  8586 | D:9      | Noticed a manticore
  8594 | D:9      | Killed a manticore
  8647 | D:9      | Found a shimmering blue altar of Sif Muna.
  8723 | D:9      | Noticed Maurice
  8730 | D:9      | Maurice stole a blade talisman
  8735 | D:9      | Killed Maurice
  8736 | D:9      | Reached skill level 13 in Long Blades
  8736 | D:9      | Reached XP level 11. HP: 80/97 MP: 7/10
  8857 | D:9      | Found a glowing silver altar of Zin.
  9018 | D:9      | Found a transporter.
  9026 | D:9      | Found a transporter.
  9044 | D:9      | Found a transporter.
  9075 | D:9      | Found a white marble altar of Elyvilon.
  9143 | D:9      | Found a transporter.
  9307 | D:10     | Entered Level 10 of the Dungeon
  9517 | D:10     | Noticed Snorg
  9520 | D:10     | Noticed a two-headed ogre
  9833 | D:10     | Noticed Josephine
  9843 | D:10     | Killed Josephine
  9844 | D:10     | Reached skill level 10 in Armour
  9850 | D:10     | Reached skill level 10 in Fighting
 10067 | D:10     | Noticed Sonja
 10070 | D:10     | Killed Sonja
 10150 | D:10     | Noticed Erolcha
 10166 | D:10     | Killed Erolcha
 10559 | D:10     | Killed Snorg
 10560 | D:10     | Reached skill level 14 in Long Blades
 10560 | D:10     | Reached skill level 1 in Evocations
 10637 | D:10     | Found a hazy altar of Hepliaklqana.
 10699 | D:10     | Found an iron altar of Okawaru.
 10699 | D:10     | Noticed Harold
 10707 | D:10     | Killed Harold
 10714 | D:10     | Killed a two-headed ogre
 10721 | D:10     | Became a worshipper of Warmaster Okawaru
 11079 | D:10     | Noticed Maggie
 11092 | D:10     | Killed Maggie
 11297 | D:11     | Found a staircase to the Orcish Mines.
 11501 | D:11     | Noticed a boulder beetle
 12063 | D:11     | Reached * piety under Okawaru
 12092 | D:11     | Killed a boulder beetle
 12093 | D:11     | Reached XP level 12. HP: 78/110 MP: 11/11
 12332 | D:11     | Noticed a centaur warrior
 12346 | D:11     | Killed a centaur warrior
 12955 | Lair:1   | Entered Level 1 of the Lair of Beasts
 12955 | Lair:1   | Noticed Amaemon
 12959 | Lair:1   | Reached ** piety under Okawaru
 12979 | Lair:1   | Killed Amaemon
 13462 | Lair:1   | Reached skill level 15 in Long Blades
 13530 | Lair:1   | Reached *** piety under Okawaru
 14275 | Lair:2   | Noticed a catoblepas
 14288 | Lair:2   | Killed a catoblepas
 14512 | Lair:2   | Got the Book of Overcast Conflict
 14715 | Lair:2   | Reached skill level 10 in Shields
 14907 | Lair:2   | Noticed a boulder beetle
 14952 | Lair:2   | Killed a boulder beetle
 15066 | Lair:2   | Reached **** piety under Okawaru
 15331 | Lair:2   | Noticed a boulder beetle
 15371 | Lair:2   | Killed a boulder beetle
 15372 | Lair:2   | Reached XP level 13. HP: 87/122 MP: 12/12
 15477 | Lair:2   | Found a hole to the Spider Nest.
 16143 | Lair:2   | Found a staircase to the Swamp.
 16686 | Lair:3   | Reached ***** piety under Okawaru
 17162 | Lair:3   | Reached skill level 16 in Long Blades
 17993 | D:12     | Noticed Azrael
 18010 | D:12     | Killed Azrael
 18017 | D:12     | Received a gift from Okawaru
 18831 | D:12     | Noticed Frances
 18831 | D:12     | Noticed Nessos
 19658 | Orc:1    | Entered Level 1 of the Orcish Mines
 19730 | Orc:2    | Entered Level 2 of the Orcish Mines
 19764 | Orc:2    | Found Edio's General Store.
 19827 | Orc:2    | HP: 2/125 [two-headed ogre/+0 giant club (25)]
 19827 | Orc:2    | Killed from afar by an orc priest

Illustrated notes

Levels and vault maps discovered:
D:1:      roderic_crop_circles_arrival_small, layout_rooms,
          serial_co_window_serial, co_window_corner_a, co_window_paths_a,
          co_window_of_opportunity_a, co_window_cross_1, co_window_corner_a,
          co_window_cross_4, co_window_broadway_a, co_window_corner_ca,
          co_window_of_opportunity_c, co_window_paths_d, glass_columns_b,
          grunt_decor_cap
D:2:      layout_basic, serial_curves, eino_curves_03, eino_curves_03,
          eino_curves_03, uniq_terence
D:3:      kennysheep_six_static_rooms, layout_basic,
          yredelemnul_forgotten_temple_becter, nicolae_grassy_gnolls
D:4:      layout_basic, uniq_edmund, uniq_eustachio, uniq_natasha
D:5:      layout_cave_pods, nicolae_half_adder
D:6:      layout_basic, serial_co_window_serial, co_window_of_opportunity_a,
          co_window_paths_a, co_window_paths_b, co_window_paths_b,
          co_window_corner_a, co_window_cross_4, co_window_2corner,
          co_window_broadway_a, co_window_corner_b, co_window_unsneaky_path_b,
          co_window_paths_d, glass_columns_a, glass_columns_c
D:7:      layout_basic, nicolae_overflow_two_pavilions, temple_fountains,
          serial_curves, eino_curves_04, eino_curves_01, nicolae_lava_and_water,
          minmay_misc_feat_pillars, columned_hall_lemuel
D:8:      layout_rooms, nicolae_uskayaw_suspiria, serial_shops,
          nicolae_shop_tiny_real_fake_doors, uniq_erica
D:9:      layout_rooms, nicolae_sif_muna_condensation, kennysheep_mini_moat,
          zin_treasury, dpeg_oklobed_lair, minivault_19,
          nicolae_transporter_intersection, uniq_maurice
D:10:     layout_basic, okawaru_humans, mainiacjoe_overflow_24_doors,
          uniq_harold, uniq_erolcha, uniq_maggie, uniq_sonja, uniq_josephine,
          uniq_snorg
D:11:     layout_small_grid, orc_0_dummy
D:12:     layout_stronghold, uniq_frances, uniq_nessos, uniq_azrael
Temple:   hellmonk_temple_divided_pantheon
Lair:1:   layout_chaotic_city, fungi_pond_lemuel, grunt_megastairs_5,
          uniq_amaemon
Lair:2:   lemuel_slime, layout_small_grid, mainiacjoe_swamp_entry_angry_trees,
          nicolae_spider_entry_lesser_pyramids, grunt_megastairs_2
Lair:3:   layout_roguey
Orc:1:    layout_diamond_mine, basic_altar, gammafunk_ghost_grave, uniq_jorgrun
Orc:2:    st_orc_ogre_mass, layout_caves, serial_shops,
          nicolae_shop_hallway_stairs, nicolae_volcano_entry_s_turn,
          nicolae_orc_damp_corner, uniq_rupert

Skill      XL: |  1  2  3  4  5  6  7  8  9 10 11 12 13 |
---------------+----------------------------------------+-----
Long Blades    | 3 4 5 6 7 9 11 13 14 15 16 | 16.3
Fighting       | 4 5 6 7 9 11 13 14 | 14.3
Armour         | 4 5 6 7 8 9 10 12 | 12.5
Shields        | 4 5 6 7 8 10 11 | 11.7
Dodging        | 1 2 4 5 6 7 8 |  8.1
Stealth        | 1 2 |  2.3
Evocations     | 1 |  1.6
Invocations    | |  0.5

Action                     |  1- 3 |  4- 6 |  7- 9 | 10-12 | 13-15 || total
---------------------------+-------+-------+-------+-------+-------++-------
  Melee: Long sword        |    63 |   163 |   288 |       |       ||   514
         Headbutt          |     8 |    25 |    64 |   172 |    82 ||   351
         Punch             |     2 |       |       |       |       ||     2
         Scimitar          |       |       |    62 |   662 |   294 ||  1018
 Invoke: Heroism           |       |       |       |     5 |     3 ||     8
  Evoke: Wand              |       |       |     2 |     9 |       ||    11
    Use: Scroll            |       |     6 |     4 |     8 |     4 ||    22
         Potion            |       |     4 |     2 |     5 |     2 ||    13
   Stab: Distracted        |       |       |       |       |     1 ||     1
 Armour: Scale mail        |    73 |   167 |   289 |   406 |   202 ||  1137
  Dodge: Dodged            |    35 |    86 |   218 |   276 |   205 ||   820
  Block: Buckler           |     2 |    48 |   104 |   167 |   132 ||   453
